 Dungeon Crawl Stone Soup version 0.29-a0-557-g43b9904bd1 (webtiles) character file.

Game seed: 6087416729467821854

128 kae the Firebug (level 4, 0/24 HPs)
             Began as a Deep Elf Fire Elementalist on June 8, 2022.
             Succumbed to an adder's poison
             ... on level 4 of the Dungeon.
             The game lasted 00:01:15 (3518 turns).

kae the Firebug (Deep Elf Fire Elementalist)        Turns: 3518, Time: 00:01:16

Health: 0/24       AC:  2    Str:  5    XL:     4   Next: 87%
Magic:  1/12       EV: 12    Int: 22    God:
Gold:   125        SH:  0    Dex: 15    Spells: 8/11 levels left

rFire   . . .      SeeInvis .   (no weapon)
rCold   . . .      Faith    .   (no shield)
rNeg    . . .      Spirit   .   a - +0 robe
rPois   .          Reflect  .   (no helmet)
rElec   .          Harm     .   (no cloak)
rCorr   .          Rampage  .   (no gloves)
Will    .....                   (no boots)
Stlth   ++........              (no amulet)
HPRegen 0.08/turn               (no ring)
MPRegen 0.13/turn               (no ring)

@: lethally poisoned (0 -> -5), very slightly contaminated
A: no striking features
a: no special abilities


You were on level 4 of the Dungeon.
You visited 1 branch of the dungeon, and saw 4 of its levels.

You collected 125 gold pieces.

Inventory:

Armour
 a - a +0 robe (worn)
Potions
 b - a potion of magic
 c - a potion of degeneration
 d - a potion of resistance
 e - a potion of heal wounds
 h - 3 potions of cancellation
 i - a potion of flight
 j - a potion of mutation {unknown}


   Skills:
 - Level 2.4 Dodging
 - Level 2.4 Stealth
 + Level 4.0 Spellcasting
 * Level 3.4 Conjurations
 * Level 4.6 Fire Magic


You had 8 spell levels left.
You knew the following spells:

 Your Spells              Type           Power      Damage    Failure   Level
a - Foxfire               Conj/Fire      88%        2x1d8     2%          1
b - Scorch                Fire           48%        2d7       2%          2

Your spell library contained the following spells:

 Spells                   Type           Power      Damage    Failure   Level
 Conjure Flame            Conj/Fire      22%        6-21      6%          3
 Inner Flame              Hex/Fire       14%        N/A       13%         3
 Blink                    Tloc           8%         N/A       17%         2
 Flame Wave               Conj/Fire      22%        2d7       22%         4
 Manifold Assault         Tloc           4%         N/A       97%         5
 Storm Form               Tmut/Air       2%         N/A       100%        7


Dungeon Overview and Level Annotations

Branches:
Dungeon (4/15)
 Temple: D:4-7

Altars:


Message History

Moaning pathetically, Natasha's spirit plunges into the ground.
An orc comes into view.
It is wielding a +1 flail of protection.
Your Spellcasting skill increases to level 4!
An adder comes into view.
Casting: Scorch (safe; 2% risk of failure)
Confirm with . or Enter, or press ? or * to list all spells.
You miscast Scorch.
You are very lightly contaminated with residual magic.
Nothing appears to happen.
Casting: Scorch (safe; 2% risk of failure)
Confirm with . or Enter, or press ? or * to list all spells.
You miscast Scorch.
Nothing appears to happen.
The adder barely misses you. The adder barely misses you.
Casting: Scorch (safe; 2% risk of failure)
Confirm with . or Enter, or press ? or * to list all spells.
You conjure some foxfire!
The adder closely misses you. The adder barely misses you.
Casting: Foxfire (safe; 2% risk of failure)
Confirm with . or Enter, or press ? or * to list all spells.
Flames lash the orc.
You kill the orc!
The adder bites you.
You are poisoned.
The adder poisons you!
You feel sick. The adder barely misses you. The adder bites you.
Your foxfire dissipates!
You feel sick. The adder attacks as you move away! The adder bites you.
You feel sick. The adder attacks as you move away! The adder bites you.
You are lethally poisoned!
The adder poisons you!
* * * LOW HITPOINT WARNING * * *
You feel sick. The adder bites you.
* * * LOW HITPOINT WARNING * * *
* * * LOW HITPOINT WARNING * * *
You feel sick.
Casting: Scorch (safe; 2% risk of failure)
Confirm with . or Enter, or press ? or * to list all spells.
You conjure some foxfire!
You die...

.. ## .# #
.....#####.##<#..
......†).....#
####.####..#
.........#.#
####†##.###.#
##.#.## #..
#..Sv.## ...
#..@v..# ....
#.#####.# .#. #.#
.# .# #.# . #.# #
#.# #.#######
#<.......
#########


You could see an adder (ally target).

Vanquished Creatures
  Natasha (D:4)
  3 adders
  2 worms (D:3)
  8 orcs
  3 bats
  8 endoplasms
  A giant cockroach (D:1)
  7 goblins
  4 hobgoblins
  4 jackals (D:3)
  5 quokkas
  4 ball pythons
  3 frilled lizards (D:3)
  3 kobolds
  A rat (D:2)
57 creatures vanquished.

Vanquished Creatures (others)
  181 foxfires
181 creatures vanquished.

Grand Total: 238 creatures vanquished

Notes
Turn   | Place    | Note
-------+----------+-------------------------------------------
     0 | D:1      | kae the Deep Elf Fire Elementalist began the quest for the
                  | Orb.
     0 | D:1      | Reached XP level 1. HP: 10/10 MP: 6/6
   132 | D:1      | Found a faded altar of an unknown god.
   153 | D:1      | Noticed an eye of devastation
   154 | D:1      | Noticed an eye of devastation
   163 | D:1      | Reached XP level 2. HP: 5/15 MP: 2/8
   170 | D:1      | Learned a level 2 spell: Scorch
   352 | D:1      | Noticed a floating eye
   365 | D:1      | Noticed a floating eye
  1370 | D:2      | Reached XP level 3. HP: 19/19 MP: 6/9
  2310 | D:3      | Reached XP level 4. HP: 24/24 MP: 8/11
  3502 | D:4      | Noticed Natasha
  3505 | D:4      | Killed Natasha
  3517 | D:4      | HP: 1/24 [poisoned by an adder]
  3518 | D:4      | Succumbed to an adder's poison

Illustrated notes

Levels and vault maps discovered:
D:1:      dpeg_arrival_short_road, layout_loops_ring,
          hellmonk_ecumenical_altar_watching_god
D:2:      layout_basic
D:3:      layout_basic, serial_rivers, chequers_serial_rivers_micro_a,
          chequers_serial_rivers_room_b, chequers_serial_rivers_micro_d,
          chequers_serial_rivers_marsh, chequers_serial_rivers_marsh,
          chequers_serial_rivers_room_a
D:4:      layout_loops_ring, uniq_natasha, uniq_pikel

Skill      XL: |  1  2  3  4 |
---------------+-------------+-----
Conjurations   | 2 3 |  3.4
Fire Magic     | 4 |  4.6
Spellcasting   | 4 |  4.0
Dodging        | |  2.4
Stealth        | |  2.4

Action                   |  1- 3 |  4- 6 || total
-------------------------+-------+-------++-------
 Cast: Foxfire           |    80 |    30 ||   110
       Scorch            |     7 |     8 ||    15
  Use: Scroll            |     4 |     5 ||     9
Armor: Robe              |     1 |     2 ||     3
Dodge: Dodged            |     4 |    20 ||    24

Table legend: (Time is in decaauts)
 A = Elapsed time spent in this place.
 B = Non-inter-level travel time spent in this place.
 C = Inter-level travel time spent in this place.
 D = Time resting spent in this place.
 E = Time spent auto-exploring this place.
 F = Levels seen in this place.
 G = Mean time per level.
                   A        B        C        D        E       F      G
               +--------+--------+--------+--------+--------+-----+--------+
         Total |   3528 |   3390 |    138 |      0 |   3010 |   4 |  882.0 |
       Dungeon |   3528 |   3390 |    138 |      0 |   3010 |   4 |  882.0 |
               +--------+--------+--------+--------+--------+-----+--------+

Top non-repeatable levels by time:
     D:3: 1485 daAuts
     D:1: 1314 daAuts
     D:2: 673 daAuts
     D:4: 54 daAuts
